CorruptionSegfaultFreeze, neutral female scurrid Tourist ---------------- |.......@....... |.......c......| |..............| --------+------- CorruptionSegfaultFreeze the Rambler Experience level: 1 Strength: 11 Dexterity: 13 Constitution: 14 Intelligence: 11 Wisdom: 7 Charisma: 20 Health: 0(9) Energy: 2(2) Def: 0 Gold: 219 Moves: 51 Dungeon seed: Xh9MPTVIBKyODrZU Game ID: CorruptionSegfaultFreeze_1498593460 Your Inventory: Coins $ - 219 gold pieces Weapons a - 47 uncursed +2 darts (in quiver) Armor e - a blessed +0 Hawaiian shirt (being worn) Comestibles b - 7 uncursed food rations c - an uncursed candy bar d - an uncursed tin of newt meat f - an uncursed chestnut g - an uncursed tripe ration h - an uncursed fortune cookie Scrolls k - an uncursed scroll of magic mapping Wands n - an uncursed wand of secret door detection (0:13) Tools l - an uncursed expensive camera (0:83) m - an uncursed credit card Spells and supernatural/magical abilities: Name Level Category Fail Memory W - pray for help -- divine ? -- Your skills at the end: Miscellaneous Skills wands [Basic] Weapon Skills dart [Basic] Spellcasting Skills Final Attributes: You were devoutly aligned. You had infravision. You were very stealthy. You are dead. Voluntary challenges: You went without food. You did not adorn yourself with jewelry or accessories. You did not cause conflict. You were not invisible. You did not have reflection. You were not displaced. You were an atheist. You never hit with a wielded weapon. You were a pacifist. You did not use tools. You did not drink any magical draughts. You were illiterate. You never genocided any monsters. You never polymorphed an object. You never changed form. You used no wishes. You never split a pudding. You never wrote Elbereth's name. You never violated your personal moral code. Dungeon overview: The Dungeons of Doom: levels 1 to 20 Level 1 a long staircase Level 2 Level 3 Level 4 Level 5 Level 6 a fountain Level 7 Level 8 Level 9 Level 10 Level 11 Level 12 Level 13 Level 14 Level 15 Level 16 Level 17 Level 18 Level 19 a fountain Level 20 <- You were here History has recorded: On T:1 you entered the Dungeons of Doom to retrieve the Amulet of Yendor! On T:7 you reached level 3 of The Dungeons of Doom. On T:11 you reached level 4 of The Dungeons of Doom. On T:13 you reached level 5 of The Dungeons of Doom. On T:16 you reached level 6 of The Dungeons of Doom. On T:18 you reached level 7 of The Dungeons of Doom. On T:20 you reached level 8 of The Dungeons of Doom. On T:22 you reached level 9 of The Dungeons of Doom. On T:25 you reached level 10 of The Dungeons of Doom. On T:27 you reached level 11 of The Dungeons of Doom. On T:29 you reached level 12 of The Dungeons of Doom. On T:31 you reached level 13 of The Dungeons of Doom. On T:34 you reached level 14 of The Dungeons of Doom. On T:36 you reached level 15 of The Dungeons of Doom. On T:38 you reached level 16 of The Dungeons of Doom. On T:40 you reached level 17 of The Dungeons of Doom. On T:40 you entered the Rogue tribute level. On T:43 you reached level 18 of The Dungeons of Doom. On T:45 you reached level 19 of The Dungeons of Doom. On T:47 you reached level 20 of The Dungeons of Doom. Score breakdown: Gold: 5 ( 0 points) Experience: 1 level ( 0 points) Exploration: 20 levels ( 570 points) Discoveries: 0 items ( 0 points) Variety of kills: 0 monsters ( 0 points) Major goal: (nothing yet) ( 0 points) Survival: died (score multiplied by 3) Total score: 1710 Latest messages: You start digging downward. You continue digging downward. You dig a pit in the floor. You continue digging downward. You dig a hole through the floor. You fall through... You start digging downward. You continue digging downward. You dig a pit in the floor. You continue digging downward. You dig a hole through the floor. You fall through... You hear a jackal howling at the moon. Please move the cursor to an unknown object. Done. Ouch! That hurts! The pyrolisk attacks you with a fiery gaze! Some of your scrolls of magic mapping catch fire and burn! Your potion of extra healing boils and explodes! (2x) You die... Final status: Aloha CorruptionSegfaultFreeze the Tourist, killed by a pyrolisk... You died in The Dungeons of Doom on dungeon level 20 with 1710 points, and 219 pieces of gold, after 51 moves. You were level 1 with a maximum of 9 hit points when you died.